 Dungeon Crawl Stone Soup version 0.30-a0-4-ga7cffc901d (webtiles) character file.

Game seed: 16876777151944672398

1600 voltaire321 the Sneak (level 9, -1/52 HPs)
             Began as a Kobold Summoner on Aug 21, 2022.
             Was a Follower of Vehumet.
             Slain by a gnoll sergeant
             ... wielding a +0 trident of chaos
              (4 damage)
             ... on level 5 of the Dungeon.
             The game lasted 00:29:32 (9178 turns).

voltaire321 the Sneak (Kobold Summoner)             Turns: 9178, Time: 00:29:32

Health: -1/52      AC:  8    Str:  7    XL:     9   Next: 15%
Magic:  14/16      EV: 17    Int: 19    God:    Vehumet [*.....]
Gold:   286        SH:  0    Dex: 15    Spells: 8/17 levels left

rFire   . . .      SeeInvis .    r - +4 rapier
rCold   . . .      Faith    .    (no shield)
rNeg    . . .      Spirit   .    a - +0 robe
rPois   .          Reflect  .    l - +2 helmet
rElec   .          Harm     .    (no cloak)
rCorr   .          Rampage  .    w - +2 pair of gloves
Will    .....                    (no boots)
Stlth   +++++.....               (no amulet)
HPRegen 0.17/turn                (no ring)
MPRegen 0.15/turn                (no ring)

@: no status effects
A: small, no large weapons, nightstalker 3
a: Renounce Religion


You were on level 5 of the Dungeon.
You worshipped Vehumet.
Vehumet was aware of your devotion.
You visited 2 branches of the dungeon, and saw 7 of its levels.

You collected 286 gold pieces.

Inventory:

Hand Weapons
 d - a +0 dagger
 r - a +4 rapier (weapon)
Missiles
 q - 2 throwing nets
Armour
 a - a +0 robe (worn)
 k - a +1 hat
 l - a +2 helmet (worn)
 w - a +2 pair of gloves (worn)
Wands
 n - a wand of mindburst (31)
 o - a wand of charming (6)
 s - a wand of flame (16)
Scrolls
 g - a scroll of enchant armour {unknown}
 u - a scroll of magic mapping
 v - a scroll of identify
Potions
 b - a potion of magic
 c - 3 potions of heal wounds
 e - a potion of haste {unknown}
 f - 3 potions of curing {unknown}
 h - 2 potions of degeneration {unknown}
 i - 2 potions of brilliance
 j - a potion of ambrosia
 m - 2 potions of flight {unknown}
 p - a potion of mutation {unknown}
 t - 2 potions of lignification


   Skills:
 + Level 4.7 Fighting
 + Level 3.0 Armour
 + Level 5.8 Dodging
 + Level 7.0 Stealth
 + Level 4.9 Spellcasting
 + Level 6.1 Summonings
 + Level 0.0 Air Magic


You had 8 spell levels left.
You knew the following spells:

 Your Spells              Type           Power      Damage    Failure   Level
a - Call Imp              Summ           27%        N/A       1%          2
b - Call Canine Familiar  Summ           27%        N/A       3%          3
c - Summon Lightning Spi  Summ/Air       16%        N/A       34%         4

Your spell library contained the following spells:

 Spells                   Type           Power      Damage    Failure   Level
 Freeze                   Ice            16%        1d4       13%         1
 Summon Small Mammal      Summ           100%       N/A       1%          1
 Summon Guardian Golem    Hex/Summ       16%        N/A       11%         3
 Sting                    Tmut/Pois      16%        1d3       13%         1
 Poisonous Vapours        Pois/Air       8%         N/A       19%         2
 Ignite Poison            Fire/Tmut/Pois 4%         N/A       36%         3
 Mephitic Cloud           Conj/Pois/Air  4%         N/A       36%         3
 Olgreb's Toxic Radiance  Pois           4%         N/A       77%         4
 Freezing Cloud           Conj/Ice/Air   2%         6-21      98%         5


Dungeon Overview and Level Annotations

Branches:
Dungeon (6/15)             Temple (1/1) D:4

Altars:
Ashenzari
Cheibriados
Dithmenos
Elyvilon
Gozag
Hepliaklqana
Kikubaaqudgha
Nemelex Xobeh
Okawaru
Ru
Sif Muna
Trog
Uskayaw
Vehumet
Wu Jian
Xom
Yredelemnul
Zin
The Shining One

Shops:
D:1 (

Annotations:
D:5 pigah's ghost, novice OpAE
D:6 3 runed translucent doors


Innate Abilities, Weirdness & Mutations

You are small and have problems with some larger weapons.
You are completely attuned to the shadows.


Message History

Your hound barely misses the gnoll sergeant.
Your hound bites the gnoll sergeant but does no damage.
The gnoll sergeant hits you from afar with a +0 trident of chaos.
The gnoll sergeant blocks your hound's attack.
The gnoll sergeant hits you from afar with a +0 trident of chaos.
You are poisoned.
Your hound barely misses the gnoll sergeant.
Are you sure you want to stumble around while confused and next to your hound? [Y]es or [N]o only, please.
Are you sure you want to stumble around while confused and next to your hound?
Okay, then.
Are you sure you want to stumble around while confused and next to your hound?
You're too confused to move!
You feel very sick.
The gnoll sergeant blocks your hound's attack.
The gnoll sergeant closely misses you.
Your hound bites the gnoll sergeant but does no damage.
Are you sure you want to stumble around while confused and next to your hound? [Y]es or [N]o only, please.
Are you sure you want to stumble around while confused and next to your hound?
You feel less confused.
You feel sick.
The gnoll sergeant blocks your hound's attack.
You feel sick.
Your hound bites the gnoll sergeant but does no damage.
The gnoll sergeant misses you.
Your hound barely misses the gnoll sergeant.
There is an open translucent door here.
You feel sick.
You feel sick.
You feel sick. The gnoll closely misses your hound.
The gnoll sergeant barely misses you.
You feel sick.
You feel sick.
You feel sick.
You are no longer poisoned.
The gnoll sergeant hits you from afar with a +0 trident of chaos!
* * * LOW HITPOINT WARNING * * *
The gnoll sergeant freezes you.
You die...

#####..≈≈#...###.#####.### .#≈≈.
#..≈≈###..........g.g. ##≈≈.
#####..≈≈.8#.######)######. 8.≈≈.
.......≈≈.##.#.⌠.#.)8#...#.##.≈≈.
####...~~.#..'g..).©⌠#:..' #.~~.
#...≈≈.##.#.⌠.#))8#$)$#.##.≈≈.
#...≈≈.8#h######'######W 8.≈≈.
#...≈≈###..g..........g. ##≈≈.
#...≈≈#...###@#####.###. .#≈≈.
##...≈≈#.8.#.###.©.###.#.8.#≈≈.
###....≈≈#####...........#####≈≈.
#......≈≈≈≈≈≈≈≈≈≈≈...≈≈≈≈≈≈≈≈≈≈≈.
#.#[##.≈≈≈≈≈≈≈≈≈≈≈...≈≈≈≈≈≈≈≈≈≈≈.
#.#[##...........................
#.#)##..##############.####.#####
.)).##.## #####..>###.# #.####.##
#.....#.....#


You could see a gnoll sergeant (swift) and a friendly hound (summoned).

Vanquished Creatures
  Duvessa (D:6)
  2 orc warriors (D:6)
  A black bear (D:4)
  A scorpion (D:4)
  Dowan (D:6)
  A jelly (D:6)
  A gnoll bouda (D:4)
  3 hounds
  2 orc priests (D:3)
  3 iguanas
  5 orc wizards
  5 adders
  6 gnolls (D:4)
  A shadow imp (D:6)
  4 dart slugs
  15 orcs
  4 ball pythons
  5 bats
  9 endoplasms
  3 giant cockroaches
  8 goblins
  6 hobgoblins
  3 quokkas
  5 frilled lizards
  6 kobolds
  4 rats
105 creatures vanquished.

Vanquished Creatures (collateral kills)
  A centaur (D:5)
  2 necrophages (D:6)
  2 hounds
  Jessica (D:2)
  An iguana (D:6)
  2 orc wizards
  9 gnolls
  A white imp (D:5)
  A dart slug (D:5)
  8 orcs
  2 ball pythons (D:2)
  An endoplasm (D:2)
  2 giant cockroaches
  4 goblins
  3 hobgoblins
  2 jackals (D:1)
  2 quokkas
  2 kobolds (D:1)
46 creatures vanquished.

Vanquished Creatures (others)
  6 plants (D:5)
6 creatures vanquished.

Grand Total: 157 creatures vanquished

Notes
Turn   | Place    | Note
-------+----------+-------------------------------------------
     0 | D:1      | voltaire321 the Kobold Summoner began the quest for the
                  | Orb.
     0 | D:1      | Reached XP level 1. HP: 10/10 MP: 3/3
   258 | D:1      | Reached skill level 3 in Stealth
   258 | D:1      | Reached XP level 2. HP: 15/16 MP: 5/5
   318 | D:1      | Reached skill level 1 in Fighting
   318 | D:1      | Reached XP level 3. HP: 20/20 MP: 6/6
   551 | D:1      | Learned a level 2 spell: Call Imp
   925 | D:1      | Found Immyucs's Antique Weapon Shoppe.
  1030 | D:1      | You fall into a shaft and drop 1 floor!
  1216 | D:1      | Learned a level 3 spell: Call Canine Familiar
  1400 | D:2      | Reached XP level 4. HP: 25/25 MP: 7/7
  1915 | D:2      | Noticed Jessica
  1923 | D:2      | Killed Jessica
  2061 | D:2      | Reached XP level 5. HP: 30/30 MP: 9/9
  2118 | D:2      | Found a faded altar of an unknown god.
  2689 | D:3      | Reached skill level 4 in Stealth
  2809 | D:3      | Reached XP level 6. HP: 35/35 MP: 7/10
  3429 | D:4      | Reached skill level 1 in Armour
  3478 | D:4      | Found a staircase to the Ecumenical Temple.
  3493 | Temple   | Entered the Ecumenical Temple
  3747 | D:4      | Found a broken altar of Ashenzari.
  3894 | D:4      | Noticed a black bear
  3909 | D:4      | Killed a black bear
  3910 | D:4      | Reached XP level 7. HP: 21/40 MP: 7/12
  4105 | D:4      | Reached skill level 5 in Stealth
  4105 | D:4      | Reached skill level 5 in Summonings
  5069 | D:5      | Entered Level 5 of the Dungeon
  5344 | D:5      | Found a transporter.
  5360 | D:5      | Found a transporter.
  5387 | D:5      | Found a shadowy altar of Dithmenos.
  5659 | D:5      | Found a radiant altar of Vehumet.
  5862 | D:5      | Became a worshipper of Vehumet
  5896 | D:5      | Reached XP level 8. HP: 46/46 MP: 11/14
  6675 | D:5      | Noticed pigah's ghost (novice OpAE)
  7110 | D:6      | Reached skill level 5 in Dodging
  7110 | D:6      | Reached skill level 6 in Stealth
  7435 | D:6      | Noticed Duvessa
  7452 | D:6      | Noticed Dowan
  7458 | D:6      | Killed Duvessa
  7463 | D:6      | Killed Dowan
  7587 | D:6      | Found a glowing golden altar of the Shining One.
  7617 | D:6      | Reached * piety under Vehumet
  7617 | D:6      | Offered knowledge of Freeze by Vehumet.
  7912 | D:6      | Reached XP level 9. HP: 15/52 MP: 1/16
  8146 | D:6      | Found the +1 Delatra's gloves {ID++}
  8201 | D:6      | Found a basalt altar of Yredelemnul.
  8255 | D:6      | Found a white marble altar of Elyvilon.
  8402 | D:6      | Found a hazy altar of Hepliaklqana.
  8403 | D:6      | Found a shimmering altar of Xom.
  8404 | D:6      | Noticed a spectral ugly thing
  8575 | D:6      | Reached skill level 7 in Stealth
  8743 | D:6      | Found a hide-covered altar of Uskayaw.
  8821 | D:6      | Found a runed translucent gate.
  8821 | D:6      | Found a runed translucent gate.
  8821 | D:6      | Found a runed translucent gate.
  8920 | D:6      | Noticed a spectral unseen horror
  8991 | D:5      | Learned a level 4 spell: Summon Lightning Spire
  9178 | D:5      | Slain by a gnoll sergeant

Illustrated notes

Levels and vault maps discovered:
D:1:      tarquinn_simple_flora_water_f, layout_rooms, serial_shops,
          shop_fountains, minmay_stone_trees_medium, minmay_hedge_maze
D:2:      layout_basic, shapermc_ecumenical_altar_mp_vishouse,
          nicolae_concentric_dashed_squares_wild, minmay_3d_cube, uniq_jessica
D:3:      layout_rooms, minivault_23, kennysheep_nondescript
D:4:      layout_loops_ring, general_overflow_altar,
          minmay_temple_entry_overgrown
D:5:      layout_loops_ring, kennysheep_mini, grunt_dithmenos_smoke,
          gammafunk_ghost_gnarly_gnolls, minmay_liquid_box
D:6:      layout_gridville, kennysheep_ying_yang, mainiacjoe_overflow_swirl,
          regret_index_temple_of_mockery, gammafunk_ghost_necromancy,
          chequers_serial_rivers_marsh, pf_guarded_unrand_delatra, uniq_duvessa
Temple:   compressed_dpeg_circular_temple

Skill      XL: |  1  2  3  4  5  6  7  8  9 |
---------------+----------------------------+-----
Stealth        | 3 4 5 6 7 |  7.0
Fighting       | 1 2 3 4 |  4.7
Dodging        | 3 4 5 |  5.8
Spellcasting   | 3 4 |  4.9
Armour         | 1 2 3 |  3.0
Summonings     | 5 6 |  6.1

Action                   |  1- 3 |  4- 6 |  7- 9 || total
-------------------------+-------+-------+-------++-------
Melee: Unarmed           |     9 |       |       ||     9
       Dagger            |    77 |    50 |       ||   127
       Rapier            |       |    75 |   179 ||   254
       Punch             |       |       |     4 ||     4
 Cast: Summon Small Mamm |    16 |     8 |       ||    24
       Call Imp          |       |    12 |    39 ||    51
       Call Canine Famil |       |       |    22 ||    22
Evoke: Wand              |       |       |     1 ||     1
  Use: Scroll            |       |    17 |     3 ||    20
 Stab: Sleeping          |    14 |    13 |    16 ||    43
       Distracted        |     2 |     2 |     3 ||     7
Armor: Robe              |    19 |    46 |    39 ||   104
Dodge: Dodged            |    72 |   125 |   196 ||   393

Table legend: (Time is in decaauts)
 A = Elapsed time spent in this place.
 B = Non-inter-level travel time spent in this place.
 C = Inter-level travel time spent in this place.
 D = Time resting spent in this place.
 E = Time spent auto-exploring this place.
 F = Levels seen in this place.
 G = Mean time per level.
                   A        B        C        D        E       F      G
               +--------+--------+--------+--------+--------+-----+--------+
         Total |   9239 |   8994 |    245 |   2581 |   4459 |   7 | 1319.9 |
       Dungeon |   9026 |   8812 |    214 |   2581 |   4329 |   6 | 1504.3 |
        Temple |    212 |    181 |     31 |      0 |    130 |   1 |  212.0 |
               +--------+--------+--------+--------+--------+-----+--------+

Top non-repeatable levels by time:
     D:5: 2200 daAuts
     D:6: 1947 daAuts
     D:3: 1450 daAuts
     D:1: 1372 daAuts
     D:4: 1209 daAuts
     D:2: 848 daAuts
  Temple: 212 daAuts
